 Dungeon Crawl Stone Soup version 0.23.2-32-g37ab1d4649 (webtiles) character file.

Game seed: 11091995512231935146

30 1994 the Caller (level 3, 24/24 HPs)
             Began as a Mummy Summoner on June 26, 2019.
             Quit the game on level 2 of the Dungeon.
             The game lasted 00:14:18 (2687 turns).

1994 the Caller (Mummy Summoner)                    Turns: 2687, Time: 00:14:18

Health: 24/24      AC:  3    Str: 11    XL:     3   Next: 5%
Magic:  8/8        EV: 12    Int: 15    God:
Gold:   66         SH:  0    Dex: 12    Spells: 5/9 levels left

rFire    x . .     SeeInvis .   (no weapon)
rCold    + . .     Gourm    .   (no shield)
rNeg     + + +     Faith    .   a - +0 robe
rPois    ∞         Spirit   .   (no helmet)
rElec    .         Reflect  .   (no cloak)
rCorr    .         Harm     .   (no gloves)
MR       .....                  d - +0 pair of boots
Stlth    ++........             (no amulet)
HPRegen  0.08/turn              (no ring)
MPRegen  0.11/turn              (no ring)

@: no status effects
A: no food or potions, fire vulnerability, cold resistance 1, negative energy
resistance 3, torment resistance, unbreathing
a: no special abilities


You were on level 2 of the Dungeon.
You were not hungry.

You visited 1 branch of the dungeon, and saw 2 of its levels.

You collected 66 gold pieces.

Inventory:

Missiles
 b - 37 stones (quivered)
 e - 32 sling bullets
Armour
 a - a +0 robe (worn)
 d - a +0 pair of boots (worn)
Jewellery
 f - an uncursed amulet of guardian spirit {unknown}
Scrolls
 c - a scroll of magic mapping {unknown}
 g - a scroll of amnesia {unknown}
 h - a scroll of blinking {unknown}
 i - a scroll of immolation {unknown}
 j - a scroll of remove curse {unknown}


   Skills:
 + Level 1.7 Dodging
 + Level 1.6 Stealth
 + Level 3.6 Spellcasting
 + Level 3.6 Summonings


You had 5 spell levels left.
You knew the following spells:

 Your Spells              Type           Power        Failure   Level  Hunger
a - Summon Small Mammal   Summ           ##..         4%          1    N/A
b - Call Canine Familiar  Summ           ##......     13%         3    N/A

Your spell library contained the following spells:

 Spells                   Type           Power        Failure   Level  Hunger
 Call Imp                 Summ           ##......     6%          2    N/A
 Summon Guardian Golem    Hex/Summ       #.......     26%         3    N/A
 Summon Ice Beast         Ice/Summ       #.......     65%         4    N/A
 Summon Lightning Spire   Summ/Air       #.......     65%         4    N/A

Dungeon Overview and Level Annotations

Branches:
Dungeon (2/15)

Altars:


Innate Abilities, Weirdness & Mutations

You do not eat or drink.
Your flesh is vulnerable to fire.
You are immune to poison.
Your flesh is cold resistant. (rC+)
You are immune to negative energy. (rN+++)
You are immune to unholy pain and torment.
You can survive without breathing.


Message History

Your bat hits the rat but does no damage.
Your bat hits the rat but does no damage.
Your bat barely misses the rat.
Your bat hits the rat but does no damage.
Your bat hits the rat but does no damage.
The rat misses your bat.
Your bat barely misses the rat.
The rat bites your bat but does no damage.
Your bat hits the rat but does no damage.
Your bat hits the rat. x2
The rat dies!
You start resting.
Magic restored.
There is a stone staircase leading up here.
You see here a rat corpse.
Memorise Call Canine Familiar, consuming 3 spell levels and leaving 5?
You start memorising the spell.
You continue memorising. x3
You finish memorising.
Spell assigned to 'b'.
Unknown command.
Are you sure you want to abandon this character and quit the game? (Confirm with "yes".)

# .## #.# #..
### #.# #....
#.###......
#..@....#
#.###.b##.###
#.............
#.###..##.####
#..# ..
#..#####..
#.........
##.#####..
#.####.#...).


You could see a friendly bat.

Vanquished Creatures
  A leopard gecko (D:1)
  A kobold (D:1)
2 creatures vanquished.

Vanquished Creatures (collateral kills)
  An adder (D:2)
  A dart slug (D:1)
  3 leopard geckos
  2 giant cockroaches (D:1)
  3 goblins (D:1)
  2 hobgoblins (D:1)
  2 kobolds (D:1)
  7 bats (D:1)
  4 frilled lizards
  2 rats (D:2)
27 creatures vanquished.

Grand Total: 29 creatures vanquished

Notes
Turn   | Place    | Note
-------+----------+-------------------------------------------
     0 | D:1      | 1994 the Mummy Summoner began the quest for the Orb.
     0 | D:1      | Reached XP level 1. HP: 13/13 MP: 4/4
   680 | D:1      | Reached XP level 2. HP: 19/19 MP: 0/5
  2553 | D:2      | Reached XP level 3. HP: 23/24 MP: 4/8
  2687 | D:2      | Learned a level 3 spell: Call Canine Familiar
  2687 | D:2      | Quit the game

Skill      XL: |  1  2 |
---------------+-------+-----
Spellcasting   | 3 |  3.6
Dodging        | |  1.7
Stealth        | |  1.6
Summonings     | |  3.6

Action                   || total
-------------------------++-------
Melee: Unarmed           ||    57
Throw: Stone             ||     1
 Cast: Summon Small Mamm ||   117
Armor: Robe              ||    18
Dodge: Dodged            ||    56
